AoeStats
← uinnht

MegaRandom

506855208Analyzed
1v1 RM · 17d ago on Sep 15, 2026· 64m 7s· 2 players
Game mode
Random Map
Map size
Tiny (2 player)
Population
200
Speed
Normal
Resources
Standard
Victory
Conquest
Starting age
Dark Age
Ending age
Imperial Age
RankedLock teamsTeams togetherTeam positionsShared explorationLock speedFull tech treeHidden civsTurbo modeCheats
Victory
Defeat
🇷🇴 Slavs · Romania
567
+18
🇨🇳 Spanish · China
601
-18
PLGinPLM
8:31 Loom
12:42 Feudal Age
14:51 Horse Collar
20:15 Castle Age
18:29 Scale Barding Armor
18:38 Forging
18:49 Bloodlines
21:52 Wheelbarrow
22:19 Husbandry
29:07 Chain Barding Armor
34:27 Imperial Age
31:51 Town Watch
32:21 Hand Cart
36:26 Murder Holes
50:20 Capped Ram
51:48 Plate Barding Armor
56:39 Spies/Treason
64:10 Ballistics
uinnht
5:57 Loom
12:36 Feudal Age
17:02 Gold Mining
19:36 Bloodlines
20:33 Forging
22:09 Scale Barding Armor
22:50 Wheelbarrow
22:42 Fletching
28:53 Scale Mail Armor
47:57 Horse Collar
48:12 Double-Bit Axe
58:56 Castle Age
Connection lost

Rejoining the realm…

Still unreachable

The connection could not be restored.

Session expired

The server has moved on; the page needs a fresh start.